 Dungeon Crawl Stone Soup version 0.21-a0-210-gbfa5647 (webtiles) character file.

4525 tehllama the Martial Artist (level 10, -3/99 HPs)
             Began as an Octopode Transmuter on Aug 22, 2017.
             Was an Initiate of Cheibriados.
             Slain by a two-headed ogre
             ... wielding a +0 giant spiked club
              (21 damage)
             ... on level 8 of the Dungeon.
             The game lasted 00:16:56 (9150 turns).

tehllama the Martial Artist (Octopode Transmuter)   Turns: 9150, Time: 00:16:57

Health: -3/99      AC: 25    Str: 15    XL:     10   Next: 39%
Magic:  4/16       EV:  2    Int: 21    God:    Cheibriados [......]
Gold:   594        SH:  0    Dex: 15    Spells: 8/18 levels left

rFire    . . .     SeeInvis .   z - +6 spear of the Wasp {pierce, rC+ Str+2 Int+5}
rCold    + . .     Gourm    .   (no shield)
rNeg     + + +     Faith    .   (helmet currently unavailable)
rPois    +         Spirit   .   (no amulet)
rElec    .         Reflect  .   r - +6 ring of evasion
rCorr    .         Harm     .   y - ring of positive energy
MR       .....     NoTele   +   t - ring of wizardry
Stlth    +++.......             (no ring)
HPRegen  0.26/turn              (no ring)
MPRegen  0.15/turn              (no ring)
                                (no ring)
                                (no ring)

@: tree-form, very slow
A: almost no armour, stealthy swim, (amphibious), 8 rings, (constrict 8)
a: Bend Time, Renounce Religion


You were on level 8 of the Dungeon.
You worshipped Cheibriados.
Cheibriados was noncommittal.
You were very hungry.
You were a tree.
You visited 2 branches of the dungeon, and saw 10 of its levels.
You also visited: Ossuary.

You collected 594 gold pieces.

Inventory:

Hand Weapons
 z - the +6 spear of the Wasp (weapon) {pierce, rC+ Str+2 Int+5}
   (You found it on level 8 of the Dungeon)

   It inflicts extra damage upon your enemies.
   It affects your strength (+2).
   It affects your intelligence (+5).
   It protects you from cold.
Missiles
 a - 64 arrows
Armour
 B - a +1 buckler
Jewellery
 r - a +6 ring of evasion (left branch)
 t - a ring of wizardry (on tentacle)
 y - a ring of positive energy (right branch)
Wands
 g - a wand of enslavement (4/24)
 m - a wand of disintegration (16/24)
Scrolls
 h - 4 scrolls of teleportation
 i - 2 scrolls of silence {unknown}
 k - 2 scrolls of remove curse
 n - 2 scrolls of blinking
 q - 2 scrolls of amnesia
 s - a scroll of immolation
 w - 2 scrolls of enchant armour
 A - a scroll of enchant weapon
Potions
 d - a potion of lignification
 e - 2 potions of berserk rage
 j - 3 potions of invisibility
 l - 2 potions of cancellation
 o - a potion of resistance {unknown}
 x - a potion of flight {unknown}
 C - a potion of curing
 E - a potion of degeneration {unknown}
 F - 2 potions of brilliance {unknown}
 I - 2 potions of heal wounds {unknown}
Books
 b - a book of Changes

   Spells                             Type                      Level
   a - Beastly Appendage              Transmutation                1
   b - Sticks to Snakes               Transmutation                2
   c - Spider Form                    Transmutation/Poison         3
   d - Ice Form                       Ice/Transmutation            4
   e - Blade Hands                    Transmutation                5
 D - a book of Necromancy

   Spells                             Type                      Level
   a - Pain                           Necromancy                   1
   b - Animate Skeleton               Necromancy                   1
   c - Vampiric Draining              Necromancy                   3
   d - Regeneration                   Charms/Necromancy            3
   e - Animate Dead                   Necromancy                   4
   f - Control Undead                 Necromancy                   4
Comestibles
 c - 3 bread rations
 f - 4 chunks of flesh
 p - a meat ration
 u - a fruit
 v - 2 royal jellies


   Skills:
 + Level 5.0 Fighting
 + Level 4.4 Dodging
 + Level 6.8 Stealth
 + Level 3.7 Shields
 * Level 8.4 Unarmed Combat
 + Level 4.5 Spellcasting
 * Level 6.3 Transmutations
 + Level 2.4 Ice Magic
 - Level 4.2 Poison Magic


You had 8 spell levels left.
You knew the following spells:

 Your Spells              Type           Power        Failure   Level  Hunger
a - Beastly Appendage     Tmut           ####..       1%          1    None
b - Sticks to Snakes      Tmut           ####....     1%          2    #......
c - Spider Form           Tmut/Pois      ####......   1%          3    ##.....
d - Ice Form              Ice/Tmut       ###.....     8%          4    ####...


Dungeon Overview and Level Annotations

Branches:
Dungeon (9/15)             Temple (1/1) D:6
   Lair: D:8-11         Orc: D:9-12

Altars:
Ashenzari
Cheibriados
Elyvilon
Fedhas
Hepliaklqana
Kikubaaqudgha
Okawaru
Qazlal
Ru
Sif Muna
Trog
Uskayaw
Wu Jian
Xom
Yredelemnul
Zin
The Shining One

Shops:
D:7 [[[[   D:8 *


Innate Abilities, Weirdness & Mutations

You cannot wear most types of armour.
You are very stealthy in the water. (Stealth+)
((You are amphibious.))
You can wear up to eight rings at the same time.
((You can use your tentacles to constrict eight enemies at once.))
((Your skin changes colour to match your surroundings (Stealth+).))
((Your rubbery body absorbs attacks. (AC +1, EV +1)))


Message History

Orders for allies: a - Attack new target. p - Attack previous target. r - Retreat! s - Stop attacking. g - Guard the area. f - Follow me.
Anything else - Cancel.
Gang up on whom?
Press: ? - help, Dir - move target cursor, f/p - two-headed ogre
Aim: a two-headed ogre, wielding a giant spiked club and a giant club (severely wounded) Attack!
You puncture the two-headed ogre!
The two-headed ogre is almost dead.
The two-headed ogre hits you with a giant spiked club!
* * * LOW HITPOINT WARNING * * *
The two-headed ogre hits you but does no damage.
You hit the two-headed ogre. Your punch misses the two-headed ogre.
The two-headed ogre is almost dead.
The two-headed ogre hits you but does no damage. x2
You barely miss the two-headed ogre.
The two-headed ogre is almost dead.
The two-headed ogre hits you with a giant spiked club!!
You die...

#..........#.....
#..........#.....
##.............#.
#...........####
##..........##
#...S.....###
#.##.....##
###O########
#S♣∩()(....
#S#.#......
#.....#.[##
####### ##


You could see a two-headed ogre and 2 friendly ball pythons.

Vanquished Creatures
  A two-headed ogre (D:9)
  Pikel (D:6)
  Prince Ribbit (D:6)
  Sigmund (D:5)
  Eustachio (D:4)
  Menkaure (D:4)
  A water moccasin (D:5)
  An ice beast (D:5)
  An orc warrior (D:6)
  3 slaves (D:6)
  A black bear (D:6)
  4 necrophages (D:7)
  3 ogres
  A phantom (D:5)
  A crocodile (D:9)
  A centaur (D:5)
  5 bullfrogs
  A scorpion (D:9)
  2 bullfrog zombies
  A bullfrog skeleton (D:5)
  4 orc priests (D:3)
  5 hounds
  A jelly (D:5)
  5 orc wizards
  Terence (D:2)
  6 worker ants
  8 mummies (Ossuary)
  3 worker ant zombies
  Robin (D:4)
  6 gnolls
  7 adders
  A shadow imp (D:5)
  3 adder zombies
  An adder skeleton (D:8)
  4 worms
  2 dart slugs
  2 leopard geckos
  30 orcs
  11 giant cockroaches
  2 gnoll zombies (Ossuary)
  21 goblins
  15 hobgoblins
  3 jackals (D:5)
  A quokka (D:2)
  2 ball pythons
  4 bats
  6 frilled lizards
  A jackal skeleton (D:9)
  4 kobolds
  A leopard gecko skeleton (D:5)
  2 orc zombies (Ossuary)
  A quokka skeleton (D:5)
  13 rats
209 creatures vanquished.

Vanquished Creatures (collateral kills)
  Joseph (D:8)
  A gnoll zombie (Ossuary)
  3 kobold zombies (Ossuary)
5 creatures vanquished.

Vanquished Creatures (others)
  An adder (D:6)
  2 bushes (D:7)
  8 plants (D:7)
11 creatures vanquished.

Grand Total: 225 creatures vanquished

Notes
Turn   | Place    | Note
-------+----------+-------------------------------------------
     0 | D:1      | tehllama the Octopode Transmuter began the quest for the Orb.
     0 | D:1      | Reached XP level 1. HP: 13/13 MP: 3/3
   242 | D:1      | Reached XP level 2. HP: 14/18 MP: 3/5
   734 | D:1      | Reached skill level 4 in Unarmed Combat
  1010 | D:2      | Reached XP level 3. HP: 23/23 MP: 6/6
  1878 | D:2      | Reached skill level 1 in Stealth
  1964 | D:2      | Noticed Terence
  1980 | D:2      | Killed Terence
  1980 | D:2      | Reached XP level 4. HP: 17/29 MP: 7/7
  2239 | D:2      | Learned a level 2 spell: Sticks to Snakes
  2243 | D:2      | Learned a level 3 spell: Spider Form
  2289 | D:2      | Found a shimmering altar of Xom.
  2926 | D:3      | Reached XP level 5. HP: 34/34 MP: 4/8
  3268 | D:3      | Reached skill level 5 in Unarmed Combat
  3627 | D:3      | Reached XP level 6. HP: 28/41 MP: 3/9
  4207 | D:3      | Found an ornate altar of the Wu Jian Council.
  4419 | D:4      | Found a stormy altar of Qazlal.
  4422 | D:4      | Noticed Menkaure
  4433 | D:4      | Killed Menkaure
  4433 | D:4      | Reached skill level 1 in Poison Magic
  4433 | D:4      | Reached XP level 7. HP: 45/45 MP: 6/10
  4452 | D:4      | Learned a level 4 spell: Ice Form
  4535 | D:4      | Noticed Robin
  4741 | D:4      | Found a bloodstained altar of Trog.
  4877 | D:4      | Killed Robin
  4880 | D:4      | Noticed Eustachio
  4897 | D:4      | Killed Eustachio
  4897 | D:4      | Reached skill level 6 in Unarmed Combat
  5071 | D:4      | Reached skill level 1 in Shields
  5075 | D:4      | Found a glowing drain.
  5302 | D:5      | Entered Level 5 of the Dungeon
  5307 | D:5      | Reached XP level 8. HP: 48/52 MP: 8/12
  5423 | D:5      | Found a sand-covered staircase.
  5486 | Ossuary  | Entered an ossuary
  6478 | D:5      | Reached skill level 5 in Stealth
  6486 | D:5      | Noticed Sigmund
  6495 | D:5      | Killed Sigmund
  6495 | D:5      | Reached skill level 7 in Unarmed Combat
  6495 | D:5      | Reached XP level 9. HP: 53/58 MP: 8/14
  6799 | D:6      | Noticed Prince Ribbit
  6808 | D:6      | Killed Prince Ribbit
  6975 | D:6      | Found a sacrificial altar of Ru.
  7102 | D:6      | Found a basalt altar of Yredelemnul.
  7188 | D:6      | Found a shattered altar of Ashenzari.
  7206 | D:6      | Noticed Pikel
  7209 | D:6      | Reached skill level 5 in Transmutations
  7228 | D:6      | Killed Pikel
  7228 | D:6      | Reached skill level 1 in Ice Magic
  7436 | D:6      | Found a staircase to the Ecumenical Temple.
  7488 | D:6      | You fall through a shaft for 3 floors!
  7488 | D:9      | Noticed a two-headed ogre
  7523 | D:9      | Killed a two-headed ogre
  7523 | D:9      | Reached skill level 8 in Unarmed Combat
  7523 | D:9      | Reached XP level 10. HP: 65/65 MP: 16/16
  7838 | Temple   | Entered the Ecumenical Temple
  8091 | Temple   | Became a worshipper of Cheibriados the Contemplative
  8411 | D:7      | Found Juner Ypuliz's Antique Armour Shoppe.
  8424 | D:7      | Found Joqouf's Antique Armour Emporium.
  8427 | D:7      | Found Leuss's Antique Armour Emporium.
  8547 | D:7      | Found a blossoming altar of Fedhas.
  8580 | D:7      | Found an iron altar of Okawaru.
  8731 | D:7      | Found Cinek's Antique Armour Shop.
  9059 | D:8      | Got a dazzling spear
  9060 | D:8      | Identified the +6 spear of the Wasp {pierce, rC+ Str+2 Int+5} (You found it on level 8 of the Dungeon)
  9093 | D:8      | Found Imediona's Assorted Antiques.
  9095 | D:8      | Noticed Joseph
  9131 | D:8      | Noticed a two-headed ogre
  9144 | D:8      | Killed Joseph
  9144 | D:8      | Reached skill level 5 in Fighting
  9150 | D:8      | Slain by a two-headed ogre

Vault maps used:
D:1:      dpeg_arrival_long_road, minmay_misc_feat_encased,
          minmay_misc_feat_roman
D:2:      old_standard_altar, first_bread, uniq_terence
D:3:      lemuel_crystal_altar, kennysheep_boxes
D:4:      bloody_trog, grunt_qazlal_clouds, gup_sewer_entry_glass,
          uniq_eustachio, uniq_robin, uniq_menkaure
D:5:      cheibrodos_helix_gallery, nicolae_ossuary_entry_false_entrances,
          uniq_sigmund
D:6:      kennysheep_little_box, nicolae_ru_awakened_eye, ashenzari_altar_1,
          minmay_temple_entry_hall, uniq_pikel, uniq_prince_ribbit1
D:7:      overflow_temple_1_default, serial_shops, nicolae_shop_behind_doors,
          nicolae_shop_temple_entry_statues_fountains, shop, shop,
          fedhas_altar_decomposition
D:8:      grunt_temple_overflow_opulence, serial_shops, nicolae_shop_crystal,
          uniq_joseph
D:9:      grunt_temple_overflow_lords_of_destruction, lemuel_crystal_altar,
          the_bakery, moated_statue
Temple:   jpeg_temple_island
Ossuary:  ossuary_tomb_3

Skill      XL: |  1  2  3  4  5  6  7  8  9 10 |
---------------+-------------------------------+-----
Unarmed Combat | 4 5 6 7 8 |  8.4
Stealth        | 1 2 3 4 5 6 |  6.8
Fighting       | 2 3 4 5 |  5.0
Poison Magic   | 1 2 3 4 |  4.2
Transmutations | 3 4 5 6 |  6.3
Shields        | 1 2 3 |  3.7
Spellcasting   | 3 4 |  4.5
Dodging        | 3 4 |  4.4
Ice Magic      | 2 |  2.4

Action                   |  1- 3 |  4- 6 |  7- 9 | 10-12 || total
-------------------------+-------+-------+-------+-------++-------
Melee: Unarmed           |    83 |   131 |   296 |    79 ||   589
       Constrict         |    21 |    21 |    35 |    10 ||    87
       Kick              |    13 |       |    18 |     7 ||    38
       Tentacles         |     9 |    12 |    32 |     9 ||    62
       Punch             |     1 |     2 |    12 |     3 ||    18
       Spear             |       |       |       |    17 ||    17
 Cast: Beastly Appendage |     4 |     1 |    10 |     3 ||    18
       Spider Form       |       |     5 |    18 |     6 ||    29
       Sticks to Snakes  |       |       |     5 |    10 ||    15
Evoke: Wand              |       |       |       |     3 ||     3
  Use: Potion            |       |     1 |     8 |     2 ||    11
       Scroll            |       |       |    17 |     2 ||    19
 Stab: Sleeping          |     7 |     2 |     7 |     3 ||    19
       Distracted        |       |     2 |     1 |       ||     3
  Eat: Chunk             |     3 |     5 |    12 |     3 ||    23
       Bread ration      |       |     1 |       |       ||     1
       Fruit             |       |       |       |     3 ||     3
Armor: Skin              |     3 |    11 |    21 |    15 ||    50
Dodge: Dodged            |    27 |    83 |   204 |    61 ||   375

Table legend:
 A = Spawn XP
 B = Non-spawn XP
 C = Spawn XP percentage of total XP
 D = Spawn monster count
 E = Non-spawn monster count
 F = Spawn count percentage of total count
 G = Total turns spent on level
                    A         B        C        D         E        F      G
               +---------+---------+-------+---------+---------+-------+---------
         Total |     247 |    6218 |   3.8 |      25 |     186 |  11.8 |  9150
               +---------+---------+-------+---------+---------+-------+---------
           D:1 |       2 |      31 |   6.1 |       1 |      19 |   5.0 |  1005
           D:2 |      29 |      90 |  24.4 |       8 |      20 |  28.6 |  2413
           D:3 |       4 |     325 |   1.2 |       3 |      35 |   7.9 |   988
           D:4 |      91 |     601 |  13.2 |       5 |      31 |  13.9 |   896
           D:5 |      89 |     961 |   8.5 |       7 |      24 |  22.6 |  1051
           D:6 |      32 |    1736 |   1.8 |       1 |      19 |   5.0 |  1083
           D:7 |       0 |     734 |   0.0 |       0 |       9 |   0.0 |   680
           D:8 |       0 |     385 |   0.0 |       0 |       6 |   0.0 |   154
           D:9 |       0 |    1204 |   0.0 |       0 |       7 |   0.0 |   208
       Ossuary |       0 |     151 |   0.0 |       0 |      16 |   0.0 |   386
               +---------+---------+-------+---------+---------+-------+---------
